 Dungeon Crawl Stone Soup version 0.25-a0-1133-g93ebf739aa (webtiles) character file.

Game seed: 14449559886937922730, levelgen mode: deterministic

25 Maedhros the Sneak (level 3, -9/23 HPs)
             Began as an Octopode Artificer on May 22, 2020.
             Killed by divine providence
             ... invoked by an orc priest
              (10 damage)
             ... on level 4 of the Dungeon.
             The game lasted 00:01:10 (169 turns).

Maedhros the Sneak (Octopode Artificer)              Turns: 169, Time: 00:01:11

Health: -9/23      AC:  1    Str: 11    XL:     3   Next: 4%
Magic:  5/5        EV: 13    Int: 13    God:
Gold:   8          SH:  0    Dex: 13    Spells: 2/2 levels left

rFire    . . .     SeeInvis .   a - +0 short sword
rCold    . . .     Gourm    .   (no shield)
rNeg     . . .     Faith    .   (helmet restricted)
rPois    .         Spirit   .   (no amulet)
rElec    .         Reflect  .   h - ring of stealth
rCorr    .         Harm     .   (no ring)
MR       .....                  (no ring)
Stlth    ++++......             (no ring)
HPRegen  0.07/turn              (no ring)
MPRegen  0.09/turn              (no ring)
                                (no ring)
                                (no ring)

@: no status effects
A: almost no armour, stealthy swim, amphibious, 8 rings, constrict 8, camouflage
1, gelatinous body 1
a: no special abilities


You were on level 4 of the Dungeon.
You were not hungry.

You visited 1 branch of the dungeon, and saw 4 of its levels.

You collected 8 gold pieces.

Inventory:

Hand Weapons
 a - a +0 short sword (weapon)
Armour
 i - a +0 kite shield
Jewellery
 h - a ring of stealth (left tentacle)
 k - an uncursed amulet of guardian spirit {unknown}
Wands
 b - a wand of flame (15)
 c - a wand of enslavement (15)
 d - a wand of random effects (9)
Scrolls
 e - a scroll of random uselessness {unknown}
 g - a scroll of amnesia {unknown}
 j - 2 scrolls of identify {unknown}
Potions
 l - a potion of degeneration {unknown}
Comestibles
 f - a ration


   Skills:
 - Level 1.0 Fighting
 - Level 1.0 Short Blades
 - Level 2.0 Dodging
 - Level 4.0 Stealth
 + Level 0.6 Unarmed Combat
 - Level 3.2 Evocations


You had 2 spell levels left.
You didn't know any spells.
Your spell library was empty.

Dungeon Overview and Level Annotations

Branches:
Dungeon (4/15)
 Temple: D:4-7

Altars:


Innate Abilities, Weirdness & Mutations

You cannot wear most types of armour.
You are very stealthy in the water. (Stealth+)
You are amphibious.
You can wear up to eight rings at the same time.
You can use your tentacles to constrict eight enemies at once.
Your skin changes colour to match your surroundings (Stealth+).
Your rubbery body absorbs attacks. (AC +1, EV +1)


Message History

Found a ring mail.
You see here a white potion.
l - a white potion Evoke which item? (* to show all) (? for menu, Esc to quit)
Aiming: Random Effects
Press: ? - help, Shift-Dir - straight line, f - orc priest
Aim: an orc priest, wielding a +0 trident (asleep)
The orc priest flickers and vanishes!
Deactivating autopickup; reactivate with Ctrl-A.
Beogh smites you!
Ouch! That really hurt!
* * * LOW HITPOINT WARNING * * *
You hear a shout!
Evoke which item? (* to show all) (? for menu, Esc to quit)
Aiming: Random Effects
Press: ? - help, Shift-Dir - straight line, f - you Nothing appears to happen.
An orc comes into view.
Beogh smites you!
You die...

#...{.o....#
#..........#
###....$.....#
..............#
.........(....#
....#........#
.............## .
[......@......# ..
..............# ...
..............# ....
##.#..........#.....
#..................
##..........######
#%...........#
#...####..##.#
#........###...


You could see an orc.

Vanquished Creatures
  An adder (D:4)
  A leopard gecko (D:2)
  A ball python (D:2)
  2 bats
  3 goblins
  A hobgoblin (D:2)
  A kobold (D:3)
  A quokka (D:3)
  2 frilled lizards (D:2)
  A quokka skeleton (D:4)
  A rat (D:2)
15 creatures vanquished.

Notes
Turn   | Place    | Note
-------+----------+-------------------------------------------
     0 | D:1      | Maedhros the Octopode Artificer began the quest for the
                  | Orb.
     0 | D:1      | Reached XP level 1. HP: 13/13 MP: 3/3
     2 | D:1      | Noticed a demonspawn
     2 | D:1      | Noticed an octopode
     5 | D:1      | Noticed a naga
     5 | D:1      | Noticed a human
     7 | D:1      | Noticed a minotaur
     9 | D:1      | Noticed a halfling
     9 | D:1      | Noticed a gargoyle
    11 | D:1      | Noticed a centaur
    13 | D:1      | Noticed a vine stalker
    15 | D:1      | Noticed a merfolk
    15 | D:1      | Noticed a vampire
    17 | D:1      | Noticed a formicid
    17 | D:1      | Noticed an ogre
    19 | D:1      | Noticed a felid
    19 | D:1      | Noticed a tengu
    21 | D:1      | Noticed a troll
    21 | D:1      | Noticed an elf
    23 | D:1      | Noticed a spriggan
    23 | D:1      | Noticed a draconian
    25 | D:1      | Noticed a demigod
    25 | D:1      | Noticed a dwarf
    27 | D:1      | Noticed a ghoul
    47 | D:2      | Reached skill level 2 in Stealth
    70 | D:2      | Reached XP level 2. HP: 9/18 MP: 4/4
    72 | D:2      | Reached skill level 3 in Stealth
   157 | D:4      | Reached skill level 4 in Stealth
   157 | D:4      | Reached XP level 3. HP: 16/23 MP: 5/5
   168 | D:4      | HP: 1/23 [something (12)]
   169 | D:4      | Killed from afar by an orc priest

Illustrated notes

Levels and vault maps discovered:
D:1:      kb_arrival_jail, layout_loops_ring, st_stairs_5
D:2:      layout_rooms, zin_statuary, st_stairs_8, uniq_crazy_yiuf_cottage,
          uniq_sigmund
D:3:      layout_rooms, okawaru_ov_weapons_minmay
D:4:      layout_rooms, temple_doors_e, first_ration

Skill      XL: |  1  2 |
---------------+-------+-----
Stealth        | 2 4 |  4.0
Fighting       | |  1.0
Short Blades   | |  1.0
Dodging        | |  2.0
Unarmed Combat | |  0.6
Evocations     | |  3.2

Action                   || total
-------------------------++-------
Melee: Short sword       ||    28
       Constrict         ||     7
       Tentacles         ||     3
Evoke: Wand              ||     6
 Stab: Sleeping          ||     1
Armor: Skin              ||     1
Dodge: Dodged            ||    25

Table legend:
 A = Non-vault XP
 B = Vault XP
 C = Vault XP percentage of total XP
 D = Non-vault monster count
 E = Vault monster count
 F = Vault count percentage of total count
                 A         B        C        D         E       F
            +---------+---------+-------+---------+---------+-------
      Total |      36 |       0 |   0.0 |      15 |       0 |   0.0
            +---------+---------+-------+---------+---------+-------
        D:2 |      14 |       0 |   0.0 |       8 |       0 |   0.0
        D:3 |       8 |       0 |   0.0 |       5 |       0 |   0.0
        D:4 |      14 |       0 |   0.0 |       2 |       0 |   0.0
            +---------+---------+-------+---------+---------+-------
